 Dungeon Crawl Stone Soup version 0.18.1-5-g4a78601 (webtiles) character file.

37797 Geppetto the Basher (level 13, 0/119 HPs)
             Began as a Minotaur Berserker on May 11, 2016.
             Was a High Priest of Trog.
             Killed from afar by an acid blob (11 damage)
             ... with a splash of acid
             ... on level 7 of the Lair of Beasts.
             The game lasted 01:54:58 (16220 turns).

Geppetto the Basher (Minotaur Berserker)           Turns: 16220, Time: 01:54:59

Health: 0/119      AC: 12    Str: 32    XL:     13   Next: 60%
Magic:  12/12      EV:  8    Int:  4    God:    Trog [*****.]
Gold:   1084       SH: 22    Dex: 10    Spells: 0 memorised, 12 levels left

rFire  . . .     SeeInvis .     A - +2 flail (protect)
rCold  . . .     Gourm    .     Q - +2 plate armour
rNeg   . . .     Faith    .     f - +2 large shield
rPois  +         Spirit   .     (helmet restricted)
rElec  .         Dismiss  .     (no cloak)
rCorr  .         Reflect  .     h - +0 pair of gloves
SustAt .         Harm     .     y - +0 pair of boots
MR     ++...                    (no amulet)
Stlth  ..........               k - ring of poison resistance
                                v - +5 ring of strength

@: corroded, regenerating, hasted, studying Throwing, very quick, very resistant
to hostile enchantments, extremely unstealthy
A: retaliatory headbutt, claws 1, horns 2
a: Berserk, Trog's Hand, Brothers in Arms, Burn Spellbooks, Renounce Religion


You were on level 7 of the Lair of Beasts.
You worshipped Trog.
Trog was extremely pleased with you.
You were hungry.

You visited 2 branches of the dungeon, and saw 18 of its levels.

You collected 1408 gold pieces.
You spent 324 gold pieces at shops.

Inventory:

Hand Weapons
 A - a +2 flail of protection (weapon)
 M - a +0 blowgun
Missiles
 a - 4 exploding tomahawks
 o - 8 curare-tipped needles
 p - 2 needles of sleeping
 S - 15 needles of confusion
 T - a tomahawk of returning
 Y - 12 tomahawks
 Z - 4 javelins of penetration (quivered)
Armour
 f - a +2 large shield (worn)
 h - a +0 pair of gloves (worn)
 y - a +0 pair of boots (worn)
 Q - a +2 plate armour (worn)
Jewellery
 k - a ring of poison resistance (right hand)
 l - an uncursed ring of protection from cold
 u - an uncursed ring of protection from fire
 v - a +5 ring of strength (left hand)
 E - an uncursed amulet of regeneration
 W - an uncursed ring of sustain attributes
Wands
 e - a wand of acid (7/15)
 w - a wand of confusion (30/48)
 x - a wand of digging (6/24)
 I - a wand of acid (3/15)
 R - a wand of random effects (12/48)
Scrolls
 b - 9 scrolls of remove curse
 C - 5 scrolls of identify
 D - 4 scrolls of recharging
 F - 2 scrolls of teleportation
 J - 3 scrolls of fog
 K - 3 scrolls of magic mapping
 P - 2 scrolls of blinking
 U - 2 scrolls of fear
Potions
 d - 2 potions of heal wounds
 m - 6 potions of curing
 n - 2 potions of ambrosia
 r - 4 potions of haste
 s - 2 potions of flight
 z - a potion of brilliance
 B - a potion of might
 H - 2 potions of resistance
 L - 2 potions of magic
 V - 4 potions of agility
 X - a potion of cancellation
Books
 O - a manual of Throwing
Comestibles
 c - 16 bread rations
 g - 26 fruits
 j - 4 beef jerkies
 q - 6 meat rations
 t - a slice of pizza
 G - 8 royal jellies


   Skills:
 * Level 12.7 Fighting
 - Level 14.0 Maces & Flails
 + Level 13.2 Throwing
 - Level 10.4 Armour
 - Level 7.0 Dodging
 + Level 11.7 Shields


You had 12 spell levels left.
You didn't know any spells.

Dungeon Overview and Level Annotations

Branches:
Dungeon (11/15)            Temple (0/1) D:7            Lair (7/8) D:8
 Shoals (0/4) Lair:5        Snake (0/4) Lair:5        Slime (0/6) Lair:7
    Orc: D:9-12

Altars:
Cheibriados
Elyvilon
Makhleb
Qazlal
Ru
Trog
Vehumet
Xom
Jiyva

Shops:
D:4 (   D:5 !   D:6 *

Annotations:
D:10 SkaryMonk's ghost, journeyman HaWr


Innate Abilities, Weirdness & Mutations

You reflexively headbutt those who attack you in melee.
You have a pair of horns on your head.
You have sharp fingernails.


Message History

* * * LOW HITPOINT WARNING * * *
The acid blob spits acid at you. The splash of acid hits you!
* * * LOW HITPOINT WARNING * * *
The acid burns!
* * * LOW HITPOINT WARNING * * *
Drink which item? (? for menu, Esc to quit)
You feel much better. The acid blob spits acid at you.
The splash of acid hits you! The acid corrodes you!
The acid burns!
* * * LOW HITPOINT WARNING * * *
The acid blob hits you but does no damage.
You block the crocodile's attack.
Okay, then.
Drink which item? (? for menu, Esc to quit)
You feel yourself speed up. You block the acid blob's attack.
You block the crocodile's attack. The acid blob spits acid at you.
The splash of acid hits you!
You die...

#..P...## ###....#.###
#......P# ###.....#.#.
#....#### ##.#.....#...
###.....# #............
#......### ##....<...#..
.#.......P### #.......####
..+....)....###......##..#
........t..#.#.#.....#....
P.#.....#@..#..#........#.
##.....JJ#J.............#.
#.............P.....####.
#.P....###.##.####..####.
#####(## #########...#...
#._.# #.##....... #...#
######.....#..#
#.>.####P.P#..PP#..###
#######.P##.....PP.### #


You could see 2 acid blobs, a slime creature and a crocodile.

Vanquished Creatures
  7 hydras
  2 death knights
  Nergalle (Lair:2)
  An unseen horror (D:10)
  A hill giant (D:11)
  A griffon (Lair:6)
  A cyclops (D:11)
  8 elephants (Lair:7)
  A manticore (D:11)
  5 black mambas
  6 spiny frogs
  4 rime drakes
  6 komodo dragons
  3 trolls
  Grinder (D:6)
  A queen bee (D:8)
  2 two-headed ogres
  16 blink frogs
  Prince Ribbit (D:6)
  A boulder beetle (Lair:6)
  Sigmund (D:2)
  A shadow (D:11)
  31 yaks
  A wyvern (Lair:7)
  A hungry ghost (D:10)
  A vampire (D:9)
  4 hippogriffs
  A basilisk (Lair:1)
  Menkaure (D:6)
  Edmund (D:6)
  10 water moccasins
  9 porcupines
  3 ice beasts
  An eye of draining (D:11)
  An orc warrior (D:9)
  2 sky beasts
  3 black bears
  2 phantoms
  4 necrophages
  4 ogres
  8 wolves
  6 centaurs
  11 crocodiles
  Blork the orc (D:5)
  3 big kobolds
  9 giant frogs
  5 scorpions
  15 killer bees (D:8)
  A howler monkey (D:10)
  A jelly (D:7)
  A giant frog zombie (D:6)
  8 crimson imps
  A centaur zombie (D:10)
  3 orc priests
  2 centaur skeletons
  2 giant frog skeletons
  Terence (D:3)
  10 iguanas
  5 orc wizards
  A worker ant (D:6)
  5 sheep (Lair:5)
  A hound zombie (D:10)
  A hound skeleton (D:6)
  7 adders
  51 river rats
  3 shadow imps
  An adder skeleton (D:4)
  2 worms (D:2)
  2 dart slugs
  4 giant geckos
  25 orcs
  6 giant cockroaches
  6 goblins
  A hobgoblin (D:2)
  15 jackals
  9 quokkas
  A ball python (D:4)
  16 bats
  A giant cockroach zombie (D:6)
  7 giant newts
  19 kobolds
  2 quokka skeletons
  A quokka zombie (D:10)
  10 rats
  5 fungi
446 creatures vanquished.

Vanquished Creatures (others)
  12 fungi
  3 plants (D:8)
15 creatures vanquished.

Grand Total: 461 creatures vanquished

Notes
Turn   | Place    | Note
--------------------------------------------------------------
     0 | D:1      | Geppetto the Minotaur Berserker began the quest for the Orb.
     0 | D:1      | Reached XP level 1. HP: 19/19 MP: 0/0
   166 | D:1      | Reached XP level 2. HP: 24/27 MP: 1/1
   174 | D:1      | Reached skill level 4 in Maces & Flails
   312 | D:1      | Reached ** piety under Trog
   705 | D:2      | Reached XP level 3. HP: 32/33 MP: 2/2
   832 | D:2      | Found a sacrificial altar of Ru.
   867 | D:2      | Noticed Sigmund
   877 | D:2      | Killed Sigmund
   877 | D:2      | Reached skill level 7 in Maces & Flails
   877 | D:2      | Reached XP level 4. HP: 40/40 MP: 3/3
   877 | D:2      | Reached XP level 5. HP: 46/46 MP: 4/4
  1553 | D:3      | Found a snail-covered altar of Cheibriados.
  1624 | D:3      | Reached XP level 6. HP: 50/52 MP: 5/5
  1719 | D:3      | Reached skill level 8 in Maces & Flails
  1893 | D:3      | Reached *** piety under Trog
  1917 | D:3      | Noticed Terence
  1923 | D:3      | Killed Terence
  2213 | D:3      | Found a shimmering altar of Xom.
  2222 | D:3      | Reached skill level 1 in Throwing
  2555 | D:4      | Reached XP level 7. HP: 60/60 MP: 6/6
  2570 | D:4      | Found a bloodstained altar of Trog.
  2750 | D:4      | You fall through a shaft for 3 floors!
  2750 | D:7      | Found a staircase to the Ecumenical Temple.
  2778 | D:6      | Noticed Menkaure
  2803 | D:6      | Killed Menkaure
  2803 | D:6      | Reached skill level 5 in Fighting
  2803 | D:6      | Reached skill level 1 in Shields
  2925 | D:6      | Noticed a two-headed ogre
  2949 | D:6      | Killed a two-headed ogre
  3053 | D:6      | Noticed Edmund
  3061 | D:6      | Killed Edmund
  3061 | D:6      | Reached XP level 8. HP: 73/73 MP: 7/7
  3354 | D:6      | Noticed Grinder
  3361 | D:6      | Killed Grinder
  3378 | D:6      | Found Amifracw's General Store.
  3386 | D:6      | Bought a +0 pair of boots for 54 gold pieces
  3399 | D:5      | Entered Level 5 of the Dungeon
  3399 | D:5      | Noticed Blork the orc
  3406 | D:5      | Killed Blork the orc
  3574 | D:4      | Found Huaclux's Antique Weapon Emporium.
  3580 | D:4      | Bought a runed flail for 70 gold pieces
  3851 | D:5      | Found a radiant altar of Vehumet.
  3853 | D:5      | Found a white marble altar of Elyvilon.
  3890 | D:5      | Reached **** piety under Trog
  3920 | D:5      | Found Dicoi's Distillery.
  3929 | D:5      | Bought a potion of haste for 100 gold pieces
  3929 | D:5      | Bought a potion of haste for 100 gold pieces
  4000 | D:5      | Reached skill level 5 in Shields
  4162 | D:6      | Noticed Prince Ribbit
  4184 | D:6      | Killed Prince Ribbit
  4184 | D:6      | Reached skill level 5 in Armour
  4480 | D:6      | Reached skill level 5 in Dodging
  4480 | D:6      | Reached XP level 9. HP: 82/82 MP: 8/8
  5143 | D:7      | Received a gift from Trog
  5577 | D:8      | Found a burning altar of Makhleb.
  5699 | D:8      | Found a staircase to the Lair.
  5799 | D:8      | Noticed a queen bee
  5827 | D:8      | Killed a queen bee
  5827 | D:8      | Reached skill level 5 in Throwing
  5972 | D:8      | Reached skill level 9 in Maces & Flails
  5981 | D:8      | Reached XP level 10. HP: 69/89 MP: 9/9
  6263 | D:9      | Gained mutation: You have sharp fingernails. [potion of beneficial mutation]
  6464 | D:9      | Reached skill level 10 in Maces & Flails
  6519 | D:9      | Reached ***** piety under Trog
  6786 | D:10     | Entered Level 10 of the Dungeon
  6869 | D:10     | Found a large runed door.
  6870 | D:10     | Found a large runed door.
  6898 | D:10     | Noticed SkaryMonk's ghost (journeyman HaWr)
  6960 | D:10     | Killed an unseen horror
  7005 | D:10     | Reached skill level 10 in Shields
  7907 | D:10     | Reached XP level 11. HP: 94/95 MP: 10/10
  7916 | D:10     | Found a large runed door.
  7916 | D:10     | Found a large runed door.
  7960 | D:10     | Noticed a death knight
  8000 | D:10     | Killed a death knight
  8000 | D:10     | Reached skill level 10 in Armour
  8339 | D:11     | Noticed a death knight
  8359 | D:11     | Killed a death knight
  8458 | D:11     | Found a stormy altar of Qazlal.
  8470 | D:11     | Noticed a hill giant
  8484 | D:11     | Killed a hill giant
  8517 | D:11     | Reached skill level 10 in Fighting
  9235 | D:11     | Noticed a six-headed hydra
  9242 | D:11     | Killed a six-headed hydra
  9411 | Lair:1   | Entered Level 1 of the Lair of Beasts
  9570 | Lair:1   | Received a gift from Trog
  9724 | Lair:1   | Reached skill level 10 in Throwing
 10445 | Lair:2   | Reached XP level 12. HP: 106/106 MP: 11/11
 10591 | Lair:2   | Received a gift from Trog
 10909 | Lair:2   | Noticed Nergalle
 10916 | Lair:2   | Killed Nergalle
 11276 | Lair:2   | Reached skill level 11 in Maces & Flails
 11603 | Lair:2   | Noticed a four-headed hydra
 11617 | Lair:2   | Killed a four-headed hydra
 11647 | Lair:3   | Reached skill level 12 in Maces & Flails
 11709 | Lair:3   | Received a gift from Trog
 11951 | Lair:3   | Reached skill level 13 in Maces & Flails
 12107 | Lair:3   | Noticed a five-headed hydra
 12115 | Lair:3   | Killed a five-headed hydra
 12439 | Lair:3   | Received a gift from Trog
 12982 | Lair:4   | Reached skill level 14 in Maces & Flails
 13683 | Lair:4   | Reached XP level 13. HP: 105/115 MP: 12/12
 13750 | Lair:4   | Received a gift from Trog
 13900 | Lair:5   | Found a staircase to the Shoals.
 13946 | Lair:5   | Found a staircase to the Snake Pit.
 14162 | Lair:5   | Got a scorched mace
 14163 | Lair:5   | Identified the +3 mace of Qoefotuo {speed, rN+++ MR- MP+9 Stlth-} (You found it on level 5 of the Lair of Beasts)
 14622 | Lair:5   | You fall through a shaft!
 14720 | Lair:6   | Received a gift from Trog
 15495 | Lair:7   | Reached ****** piety under Trog
 15495 | Lair:7   | Received a gift from Trog
 15665 | Lair:7   | Found a runed door.
 15669 | Lair:7   | Found a viscous altar of Jiyva.
 15704 | Lair:7   | Received a gift from Trog
 16209 | Lair:7   | Found a staircase to the Slime Pits.
 16209 | Lair:7   | Noticed an acid blob
 16209 | Lair:7   | Noticed an acid blob
 16220 | Lair:7   | Killed from afar by an acid blob

Skill      XL: |  1  2  3  4  5  6  7  8  9 10 11 12 13 |
---------------+----------------------------------------+-----
Fighting       | 4 7 8 10 12 | 12.7
Maces & Flails | 4 7 8 9 10 14 | 14.0
Armour         | 3 5 7 9 10 | 10.4
Throwing       | 1 2 5 11 12 13 | 13.2
Dodging        | 3 5 7 |  7.0
Shields        | 3 5 10 11 | 11.7

Action                   |  1- 3 |  4- 6 |  7- 9 | 10-12 | 13-15 || total
-------------------------+-------+-------+-------+-------+-------++-------
Melee: Mace              |    46 |    71 |       |       |       ||   117
       Headbutt          |     9 |    25 |    56 |   159 |    53 ||   302
       Flail             |       |    43 |   321 |   784 |   173 ||  1321
 Fire: Blowgun           |       |       |       |       |     5 ||     5
Throw: Tomahawk          |       |     5 |     4 |   261 |   137 ||   407
       Javelin           |       |       |       |       |     1 ||     1
Invok: Berserk           |     1 |     1 |     3 |       |       ||     5
       Trog's Hand       |     1 |       |     3 |     6 |     1 ||    11
       Burn Spellbooks   |       |     1 |       |     4 |     2 ||     7
       Brothers in Arms  |       |       |       |     1 |     1 ||     2
Evoke: Deck              |       |       |       |     5 |       ||     5
       Wand              |       |       |       |     4 |       ||     4
  Use: Scroll            |     1 |     8 |     7 |    11 |     7 ||    34
       Potion            |       |     1 |     1 |     1 |     2 ||     5
 Stab: Sleeping          |     1 |       |       |       |       ||     1
  Eat: Chunk             |       |     7 |    15 |    25 |     7 ||    54
       Fruit             |       |       |       |     2 |     1 ||     3
Armor: Animal skin       |     4 |       |       |       |       ||     4
       Plate armour      |    10 |    88 |    97 |   224 |    48 ||   467
Dodge: Dodged            |    12 |    37 |    36 |    95 |    22 ||   202
Block: Large shield      |       |     2 |   273 |   702 |   170 ||  1147
